 Dungeon Crawl Stone Soup version 0.29.1-4-g47bece8355 (webtiles) character file.

Game seed: 8826598231345902038

53 H0rd4k the Charlatan (level 3, -1/25 HPs)
             Began as an Octopode Artificer on Dec 2, 2022.
             Frozen to death by an endoplasm (5 damage)
             ... on level 2 of the Dungeon.
             The game lasted 00:01:08 (1647 turns).

H0rd4k the Charlatan (Octopode Artificer)           Turns: 1647, Time: 00:01:08

Health: -1/25      AC:  1    Str: 11    XL:     3   Next: 87%
Magic:  5/5        EV: 13    Int: 15    God:
Gold:   59         SH:  0    Dex: 12    Spells: 5/5 levels left

rFire   . . .      SeeInvis .     - Unarmed
rCold   . . .      Faith    .   (no shield)
rNeg    + . .      Spirit   .   (helmet restricted)
rPois   .          Reflect  .   (no amulet)
rElec   .          Harm     .   e - ring of positive energy
rCorr   .          Rampage  .   (no ring)
Will    .....                   (no ring)
Stlth   +++.......              (no ring)
HPRegen 0.08/turn               (no ring)
MPRegen 0.09/turn               (no ring)
                                (no ring)
                                (no ring)

@: no status effects
A: almost no armour, amphibious, 8 rings, camouflage 1, gelatinous body 1,
(nimble swimmer 1), tentacles
a: no special abilities


You were on level 2 of the Dungeon.
You visited 1 branch of the dungeon, and saw 2 of its levels.

You collected 59 gold pieces.

Inventory:

Jewellery
 e - a ring of positive energy (left tentacle)
Wands
 b - a wand of flame (13) (quivered)
 c - a wand of charming (15)
 d - a wand of iceblast (5)
Scrolls
 a - 3 scrolls of teleportation {unknown}
 g - 3 scrolls of fear {unknown}
 h - a scroll of magic mapping {unknown}
 i - a scroll of immolation {unknown}
 k - a scroll of poison {unknown}
Potions
 f - a potion of magic {unknown}
 j - a potion of flight {unknown}
 l - 2 potions of heal wounds {unknown}


   Skills:
 * Level 2.3 Fighting
 - Level 2.3 Dodging
 - Level 1.3 Stealth
 + Level 1.2 Unarmed Combat
 * Level 1.7 Spellcasting
 - Level 3.2 Evocations


You had 5 spell levels left.
You didn't know any spells.
Your spell library contained the following spells:

 Spells                   Type           Power      Damage    Failure   Level
 Slow                     Hex            4%         N/A       22%         1
 Ensorcelled Hibernation  Hex/Ice        2%         N/A       34%         2
 Passwall                 Tmut/Erth      0%         N/A       34%         2
 Confusing Touch          Hex            1%         N/A       56%         3
 Swiftness                Air            1%         N/A       56%         3
 Vampiric Draining        Necr           1%         2d6       56%         3


Dungeon Overview and Level Annotations

Branches:
Dungeon (2/15)

Altars:

Shops:
D:1 *


Innate Abilities, Weirdness & Mutations

You cannot wear most types of armour.
You are amphibious.
You can wear up to eight rings at the same time.
Your skin changes colour to match your surroundings (Stealth+).
Your rubbery body absorbs attacks. (AC +1, EV +1)
((You are camouflaged when in or above water. (Stealth+)))
You have tentacles for arms and can constrict up to eight enemies at once.


Message History

You tentacle-slap the adder.
You kill the adder!
You tentacle-slap the hobgoblin but do no damage.
Your grab misses the hobgoblin.
You squeeze the hobgoblin, but do no damage.
The hobgoblin hits you.
You tentacle-slap the hobgoblin but do no damage.
Your grab misses the hobgoblin. The hobgoblin completely misses you.
You tentacle-slap the hobgoblin but do no damage.
You grab the hobgoblin.
You constrict the hobgoblin, but do no damage.
The hobgoblin hits you.
You tentacle-slap the hobgoblin.
The hobgoblin is heavily wounded.
You constrict the hobgoblin. The hobgoblin hits you.
You tentacle-slap the hobgoblin.
You kill the hobgoblin!
Items here: ( = ? [ †.
An endoplasm is nearby!
You are too injured to fight recklessly!
You are too injured to fight recklessly!
An endoplasm is nearby!
An endoplasm is nearby!
You are too injured to fight recklessly!
An endoplasm is nearby!
You tentacle-slap the endoplasm but do no damage.
You squeeze the endoplasm.
The endoplasm is lightly wounded.
The endoplasm freezes you.
You are frozen.
* * * LOW HITPOINT WARNING * * *
You barely miss the endoplasm.
The endoplasm is lightly wounded.
The endoplasm hits you.
* * * LOW HITPOINT WARNING * * *
You tentacle-slap the endoplasm.
The endoplasm is almost dead.
The endoplasm freezes you.
You are frozen.
You die...

#####....###.##)###.####
#.##..##.##.....# #.
#...#.########
#.##.#.#.# ####..#....
#...#.###.#.##
..##P..##......$.
#..P...(###..###
#.P..P@.### ....
#...P.PJ#.# #
#.(.......# #.........#
#.P...P.P)# #.........#
#####_##### ..? ..P.


You could see an endoplasm.

Vanquished Creatures
  An adder (D:2)
  A worm (D:2)
  3 bats (D:1)
  4 endoplasms (D:1)
  2 giant cockroaches
  A goblin (D:1)
  5 hobgoblins
  6 jackals
  3 kobolds
  5 ball pythons
  2 frilled lizards
  A rat (D:1)
34 creatures vanquished.

Vanquished Creatures (others)
  8 demonic plants (D:2)
  A fungus (D:2)
  5 plants (D:2)
  2 withered plants (D:2)
16 creatures vanquished.

Grand Total: 50 creatures vanquished

Notes
Turn   | Place    | Note
-------+----------+-------------------------------------------
     0 | D:1      | H0rd4k the Octopode Artificer began the quest for the Orb.
     0 | D:1      | Reached XP level 1. HP: 13/13 MP: 1/1
   101 | D:1      | Reached XP level 2. HP: 4/18 MP: 1/3
   345 | D:1      | Found Xamikiu's General Store.
   617 | D:1      | Reached skill level 1 in Spellcasting
   856 | D:1      | Reached XP level 3. HP: 12/24 MP: 3/5
  1616 | D:2      | Found a faded altar of an unknown god.
  1631 | D:2      | Reached skill level 1 in Unarmed Combat
  1647 | D:2      | Frozen to death by an endoplasm

Illustrated notes

Levels and vault maps discovered:
D:1:      eino_arrival_cavern_a, layout_basic, serial_shops, shop,
          dreamdust_princess_corridor, minmay_split_cup_large
D:2:      layout_basic, shapermc_ecumenical_altar_gd, uniq_robin, uniq_terence,
          uniq_sigmund

Skill      XL: |  1  2  3 |
---------------+----------+-----
Spellcasting   | 1 |  1.7
Fighting       | 2 |  2.3
Unarmed Combat | 1 |  1.2
Dodging        | |  2.3
Stealth        | |  1.3
Evocations     | |  3.2

Action                   || total
-------------------------++-------
Melee: Unarmed           ||    95
       Tentacles         ||    30
       Constrict         ||    21
Evoke: Wand              ||     2
 Stab: Sleeping          ||     1
Armor: Skin              ||     4
Dodge: Dodged            ||    69
